 Dungeon Crawl Stone Soup version 0.17.1-2-g5865329 (webtiles) character file.

48 xeno23 the Skirmisher (level 3, 0/29 HPs)
             Began as a Demonspawn Abyssal Knight on Jan 17, 2016.
             Was a Believer of Lugonu.
             Slain by a quokka (1 damage)
             ... on level 1 of the Dungeon.
             The game lasted 00:05:44 (1210 turns).

xeno23 the Skirmisher (Demonspawn Abyssal Knight)   Turns: 1210, Time: 00:05:44

Health: 0/29       AC:  6    Str: 13    XL:     3   Next: 50%
Magic:  4/5        EV: 14    Int: 13    God:    Lugonu [**....]
Gold:   54         SH:  0    Dex: 17    Spells: 0 memorised, 2 levels left

rFire  . . .     SeeInvis .     a - +1 falchion
rCold  . . .     Clarity  .     f - +0 scale mail
rNeg   . . .     SustAt   .     (no shield)
rPois  .         Gourm    .     (no helmet)
rElec  .         Spirit   .     (no cloak)
rCorr  .         Warding  .     (no gloves)
rMut   .         Stasis   .     (no boots)
MR     .....                    (no amulet)
Stlth  +.........               (no ring)
                                (no ring)

@: agile, not resistant to hostile enchantments, very unstealthy
A: powered by pain 1, rot immunity
a: Depart the Abyss, Bend Space, Renounce Religion


You were on level 1 of the Dungeon.
You worshipped Lugonu.
Lugonu was pleased with you.
You were hungry.

You visited 1 branch of the dungeon, and saw 2 of its levels.
You visited the Abyss 1 time.

You collected 54 gold pieces.

Inventory:

Hand Weapons
 a - a +1 falchion (weapon)
Armour
 f - a +0 scale mail (worn)
Magical Staves
 l - an uncursed staff of earth
Jewellery
 g - an uncursed ring of fire {unknown}
Scrolls
 b - a scroll of amnesia {unknown}
 d - a scroll of magic mapping {unknown}
 h - a scroll of remove curse {unknown}
 i - a scroll of enchant armour {unknown}
 m - a scroll of recharging {unknown}
Potions
 e - a potion of agility
 j - a potion of haste {unknown}
 k - a potion of flight {unknown}
 n - a potion of heal wounds {unknown}
Comestibles
 c - 2 bread rations


   Skills:
 + Level 3.3 Fighting
 + Level 2.0 Long Blades
 + Level 2.4 Armour
 + Level 1.3 Dodging
 + Level 3.2 Invocations


You had 2 spell levels left.
You didn't know any spells.

Dungeon Overview and Level Annotations

Branches:
Dungeon (2/15)

Altars:
The Shining One

Annotations:
D:2 Crazy Yiuf


Innate Abilities, Weirdness & Mutations

You sometimes gain a little power by taking damage.
You are immune to rotting.


Message History

The quokka barely misses you.
You closely miss the quokka. The quokka barely misses you.
The quokka twitches its whiskers.
The quokka barely misses you.
You hit the quokka.
The quokka is heavily wounded.
The quokka misses you.
You hit the quokka.
The quokka is severely wounded.
The quokka completely misses you.
You closely miss the quokka.
The quokka is severely wounded.
The quokka bites you but does no damage. x2
You closely miss the quokka.
The quokka is severely wounded.
The quokka barely misses you.
You miss the quokka.
The quokka is severely wounded.
The quokka completely misses you. The quokka bites you.
You die...

.#........# #..............######
.#........# #.....####.##########
.#........# #........#.#.........
.#........# #......#...#.#######.
.#........# #......###.#.# #.
##........# #..........#.# #.
#..>..)..# #.....######.# #.
#........# #....r# #.# #.
#........# ####@## #.# #.
#........######.#######.# #.
#.....)..#...##.........# #.
########.##...##################.
# #..'.....†................ #
####...##########.######## #
#...# #.# # ######## #.#
############.....#######.#


You could see a quokka.

Vanquished Creatures
  A worm (D:2)
  3 giant geckos
  5 bats
  A giant cockroach (D:2)
  6 hobgoblins
  3 jackals (D:1)
  A ball python (D:2)
  5 giant newts
  8 goblins (D:1)
  3 kobolds
  8 rats
44 creatures vanquished.

Vanquished Creatures (others)
  9 starspawn tentacle segments (Abyss:1)
9 creatures vanquished.

Grand Total: 53 creatures vanquished

Notes
Turn   | Place    | Note
--------------------------------------------------------------
     0 | Abyss:1  | xeno23 the Demonspawn Abyssal Knight began the quest for the Orb.
     0 | Abyss:1  | Reached XP level 1. HP: 18/18 MP: 2/2
    50 | Abyss:1  | Noticed a tentacled starspawn
    54 | D:1      | Escaped the Abyss
   252 | D:1      | Reached skill level 1 in Dodging
   287 | D:1      | Gained mutation: You sometimes gain a little power by taking damage. [demonic ancestry]
   287 | D:1      | Reached XP level 2. HP: 21/24 MP: 4/4
   307 | D:1      | Reached * piety under Lugonu
   794 | D:1      | Gained mutation: You are immune to rotting. [demonic ancestry]
   794 | D:1      | Reached XP level 3. HP: 16/29 MP: 5/5
   981 | D:2      | Found a glowing golden altar of the Shining One.
  1036 | D:2      | Reached ** piety under Lugonu
  1134 | D:2      | Noticed Crazy Yiuf
  1202 | D:2      | HP: 1/29 [quokka (4)]
  1210 | D:1      | Slain by a quokka

Action                   || total
-------------------------++-------
Melee: Falchion          ||   155
Invok: Depart the Abyss  ||     1
       Bend Space        ||     2
  Use: Potion            ||     1
  Eat: Chunk             ||     1
